 Dungeon Crawl Stone Soup version 0.31-a0-271-gb88eb75 (webtiles) character file.

Game seed: 6925184806200583466

10344 Dawnplanks the Skirmisher (level 11, -5/87 HPs)
             Began as a Spriggan Hunter on July 14, 2023.
             Was a High Priest of Okawaru.
             Slain by a killer bee (6 damage)
             ... on level 10 of the Dungeon.
             The game lasted 00:21:05 (8744 turns).

Dawnplanks the Skirmisher (Spriggan Hunter)         Turns: 8744, Time: 00:21:06

Health: -5/87      AC:  4    Str:  7    XL:     11   Next: 34%
Magic:  17/17      EV: 28    Int: 12    God:    Okawaru [*****.]
Gold:   386        SH:  5    Dex: 28    Spells: 10/10 levels left

rFire   . . .        R - +2 arbalest (freeze)
rCold   . . .        (shield currently unavailable)
rNeg    . . .        c - +0 robe
rPois   .            (helmet restricted)
rElec   .            q - +1 cloak
rCorr   .            (gloves unavailable)
SInv    +            (boots unavailable)
Will    +....        Q - amulet of reflection Stlth
                     n - +6 ring of dexterity
HPRegen 0.34/turn    G - +5 ring of evasion
MPRegen 0.15/turn

%: reflection
@: berserking (expiring), lethally poisoned (-5 -> -11), very quick
A: very small, no large weapons, unfitting armour, see invisible, speed 3
a: Renounce Religion, Heroism, Finesse, Duel


You were on level 10 of the Dungeon.
You worshipped Okawaru.
Okawaru was extremely pleased with you.
You visited 2 branches of the dungeon, and saw 11 of its levels.
You visited the Abyss 1 time.

You collected 566 gold pieces.
You spent 180 gold pieces at shops.

Inventory:

Hand Weapons
 a - a +0 shortbow
 m - a +2 sling of draining
 s - a +0 heavy shortbow
 H - the +2 quarterstaff of the Shining Light {vamp, rC+ rN+ Int+4}
   (You found it on level 7 of the Dungeon)

   Int:       It affects your intelligence (+4).
   rC:        It protects you from cold.
   rN:        It protects you from negative energy.
 L - a +0 orcbow
 R - a +2 arbalest of freezing (weapon)
Armour
 c - a +0 robe (worn)
 q - a +1 cloak (worn)
 F - a +2 buckler of fire resistance
Magical Staves
 I - a staff of conjuration
Jewellery
 h - a ring of ice
 n - a +6 ring of dexterity (left hand)
 G - a +5 ring of evasion (right hand)
 O - a ring of protection from fire
 Q - an amulet of reflection (around neck)
Talismans
 w - a maw talisman
Wands
 r - a wand of roots (28)
 u - a wand of flame (56)
 z - a wand of mindburst (9)
 A - a wand of charming (17)
 C - a wand of polymorph (17)
Scrolls
 b - a scroll of butterflies
 d - 2 scrolls of identify {unknown}
 g - 3 scrolls of noise {unknown}
 j - a scroll of torment {unknown}
 o - 3 scrolls of fear {unknown}
 p - a scroll of amnesia {unknown}
 t - a scroll of revelation {unknown}
 v - 2 scrolls of enchant weapon {unknown}
 y - a scroll of fog {unknown}
 B - a scroll of teleportation {unknown}
 D - a scroll of brand weapon {unknown}
 E - a scroll of blinking {unknown}
 M - a scroll of enchant armour {unknown}
 N - a scroll of summoning {unknown}
 S - a scroll of acquirement {unknown}
Potions
 e - 2 potions of magic {unknown}
 f - a potion of curing {unknown}
 i - 3 potions of lignification {unknown}
 k - 2 potions of haste {unknown}
 l - 3 potions of berserk rage
 x - a potion of degeneration {unknown}
 P - a potion of ambrosia {unknown}
Miscellaneous
 J - a piece from Xom's chessboard (15/15)
 K - a sack of spiders


   Skills:
 + Level 6.8 Fighting
 + Level 14.5 Ranged Weapons
 + Level 5.7 Dodging
 - Level 1.5 Stealth
 * Level 6.6 Invocations


You had 10 spell levels left.
You didn't know any spells.
Your spell library contained the following spells:

 Spells                   Type           Power      Damage    Failure   Level
 Slow                     Hex            0%         N/A       32%         1
 Sting                    Tmut/Pois      0%         1d3       32%         1
 Blink                    Tloc           0%         N/A       45%         2
 Poisonous Vapours        Pois/Air       0%         N/A       45%         2
 Confusing Touch          Hex            0%         N/A       69%         3
 Stone Arrow              Conj/Erth      0%         3d7       69%         3
 Vampiric Draining        Necr           0%         2d6       69%         3
 Vhi's Electric Charge    Tloc/Air       0%         N/A       69%         3
 Volatile Blastmotes      Fire/Tloc      0%         2d10      69%         3
 Fulminant Prism          Conj/Hex       0%         3d5       97%         4
 Iskenderun's Mystic Bla  Conj/Tloc      0%         2d3       97%         4
 Manifold Assault         Tloc           0%         N/A       97%         4
 Olgreb's Toxic Radiance  Pois           0%         N/A       97%         4
 Alistair's Intoxication  Tmut/Pois      0%         N/A       100%        5
 Arcjolt                  Conj/Air       0%         1d10      100%        5
 Borgnjor's Vile Clutch   Necr/Erth      0%         N/A       100%        5
 Eringya's Noxious Bog    Tmut/Pois      0%         4d6       100%        6
 Lehudib's Crystal Spear  Conj/Erth      0%         10d2      100%        8
 Maxwell's Capacitive Co  Air            0%         ∞         100%        8
 Animate Armour           Summ/Erth      Unusable   N/A       N/A         4

Dungeon Overview and Level Annotations

Branches:
Dungeon (10/15)            Temple (1/1) D:6            Lair (0/5) D:9
    Orc (0/2) D:9

Altars:
Ashenzari
Cheibriados
Dithmenos
Elyvilon
Fedhas
Gozag
Hepliaklqana
Kikubaaqudgha
Makhleb
Nemelex Xobeh
Okawaru
Qazlal
Ru
Sif Muna
Trog
Uskayaw
Vehumet
Wu Jian
Xom
Yredelemnul
Zin
The Shining One

Shops:
D:4 (   D:7 [

Annotations:
D:3 2 transporters
D:8 2 transporters, Lemonspray55555's ghost, novice DgCj
D:9 3 runed translucent doors, 2 transporters, cowcow's ghost, novice DsCj


Innate Abilities, Weirdness & Mutations

You are very small and have problems with some larger weapons.
You are too small for most types of armour.
You have supernaturally acute eyesight. (SInv)
You cover ground extremely quickly. (Speed+++)


Message History

The killer bee closely misses you. x2; You block the killer bee's attack. x2
You are too berserk!
Really attack while wielding your +2 arbalest of freezing?
Okay, then.
Really attack while wielding your +2 arbalest of freezing?
You miss the killer bee.
You feel very sick. The killer bee misses you.
The killer bee completely misses you. The killer bee barely misses you.
The killer bee misses you. x2
The killer bee completely misses you.
You hit the killer bee!
The killer bee is heavily wounded.
You feel sick.
The killer bee misses you. x2; The killer bee stings you.
* * * LOW HITPOINT WARNING * * *
You are lethally poisoned!
The killer bee poisons you! You block the killer bee's attack.
You clumsily bash the killer bee.
The killer bee is heavily wounded.
* * * LOW HITPOINT WARNING * * *
You feel very sick.
The killer bee completely misses you. x3; You block the killer bee's attack.
You hit the killer bee!
You kill the killer bee!
Okawaru accepts your kill.
* * * LOW HITPOINT WARNING * * *
You feel sick.
The killer bee stings you but does no damage.
* * * LOW HITPOINT WARNING * * *
You feel sick. The killer bee completely misses you.
You feel a strong urge to attack something.
* * * LOW HITPOINT WARNING * * *
You feel sick.
The killer bee stings you but does no damage.
You are too berserk!
You are too berserk!
You clumsily bash the killer bee.
The killer bee is lightly wounded.
* * * LOW HITPOINT WARNING * * *
You feel sick. The killer bee completely misses you. The killer bee stings you.
You die...

.......##........ ..$......
........#........?..........
.#.................#........
......#.........#.##........
##....##..........#.†.......
....<##.....................
.#.#††............y.!.......
.....#.........y##..........
..<.###.......†.@..........#
.... #.####..††.###.......#
.... #..####.†...#........#
#....##...##..†.............
#...........................
##.........###..............
#.........# ...............
###..#....#..#............
#.........##.........


You could see a killer bee.

Vanquished Creatures
  2 wizards (D:7)
  Pikel (D:9)
  Maurice (D:9)
  A gargoyle (D:7)
  A komodo dragon (D:7)
  A hornet (D:9)
  Prince Ribbit (D:8)
  Sigmund (D:6)
  A vampire (D:7)
  22 yaks
  A wyvern (D:8)
  Eustachio (D:6)
  3 hogs (D:9)
  A human (D:9)
  A vampire mosquito (D:7)
  5 water moccasins
  Duvessa (D:6)
  2 ice beasts
  A sky beast (D:7)
  An orc warrior (D:9)
  2 ogres
  2 centaurs
  3 phantoms
  A lemure (D:9)
  A kobold brigand (D:7)
  A wight (D:7)
  Dowan (D:6)
  20 killer bees
  5 howler monkeys
  4 hounds
  2 jellies
  Crazy Yiuf (D:3)
  An orc priest (D:9)
  A gnoll bouda (D:8)
  An iguana (D:6)
  2 orc wizards
  3 gnolls (D:8)
  4 adders
  2 white imps
  2 ufetubi
  A worm (D:4)
  2 dart slugs
  14 orcs
  2 ball pythons
  3 bats
  7 endoplasms
  3 giant cockroaches
  5 goblins
  9 hobgoblins
  9 jackals
  5 quokkas
  3 frilled lizards
  12 kobolds
  3 rats
186 creatures vanquished.

Vanquished Creatures (others)
  A hobgoblin (D:3)
1 creature vanquished.

Grand Total: 187 creatures vanquished

Notes
Turn   | Place    | Note
-------+----------+-------------------------------------------
     0 | D:1      | Dawnplanks the Spriggan Hunter began the quest for the Orb.
     0 | D:1      | Reached XP level 1. HP: 10/10 MP: 2/2
   127 | D:1      | Reached XP level 2. HP: 13/14 MP: 3/3
   171 | D:1      | You fall into a shaft and drop 1 floor!
   456 | D:1      | Found a faded altar of an unknown god.
   465 | D:1      | Reached XP level 3. HP: 18/18 MP: 4/4
  1148 | D:3      | Reached skill level 5 in Ranged Weapons
  1173 | D:3      | Found a transporter.
  1284 | D:3      | Found a radiant altar of Vehumet.
  1315 | D:3      | Reached XP level 4. HP: 23/23 MP: 5/5
  1321 | D:3      | Found a broken altar of Ashenzari.
  1354 | D:3      | Found a transporter.
  1570 | D:3      | Found a runed translucent door.
  1571 | D:3      | Noticed Crazy Yiuf
  1839 | D:3      | Killed Crazy Yiuf
  2058 | D:4      | Noticed a phantom
  2097 | D:4      | Killed a phantom
  2098 | D:4      | Reached skill level 6 in Ranged Weapons
  2098 | D:4      | Reached XP level 5. HP: 20/26 MP: 6/6
  2196 | D:4      | Found Baeseg's Antique Weapon Boutique.
  2793 | D:4      | Bought a runed shortbow for 180 gold pieces
  2798 | D:5      | Entered Level 5 of the Dungeon
  3095 | D:5      | Noticed an ogre
  3097 | D:5      | Killed an ogre
  3098 | D:5      | Reached XP level 6. HP: 31/31 MP: 7/7
  3215 | D:5      | Noticed an ice beast
  3232 | D:5      | Killed an ice beast
  3233 | D:5      | Reached skill level 7 in Ranged Weapons
  3425 | D:6      | Noticed an ice beast
  3444 | D:6      | Killed an ice beast
  3445 | D:6      | Reached skill level 8 in Ranged Weapons
  3445 | D:6      | Reached XP level 7. HP: 35/35 MP: 8/8
  3638 | D:6      | Found a staircase to the Ecumenical Temple.
  3647 | Temple   | Entered the Ecumenical Temple
  3867 | Temple   | Became a worshipper of Warmaster Okawaru
  3909 | D:6      | Noticed a yak
  3909 | D:6      | Noticed a yak
  3909 | D:6      | Noticed a yak
  3910 | D:6      | Noticed a yak
  3919 | D:6      | Killed a yak
  3936 | D:6      | Killed a yak
  3937 | D:6      | Reached skill level 9 in Ranged Weapons
  3942 | D:6      | Killed a yak
  3943 | D:6      | Reached XP level 8. HP: 40/40 MP: 9/9
  3960 | D:6      | Reached * piety under Okawaru
  4152 | D:6      | Found a white marble altar of Elyvilon.
  4157 | D:6      | Reached skill level 10 in Ranged Weapons
  4184 | D:6      | Noticed Sigmund
  4231 | D:6      | Killed Sigmund
  4232 | D:6      | Reached skill level 1 in Invocations
  4327 | D:6      | Noticed Duvessa
  4342 | D:6      | Killed Duvessa
  4355 | D:6      | Noticed Dowan
  4375 | D:6      | Killed Dowan
  4502 | D:6      | Noticed Eustachio
  4514 | D:6      | Killed Eustachio
  4661 | D:7      | Reached skill level 11 in Ranged Weapons
  4679 | D:7      | Reached ** piety under Okawaru
  4680 | D:7      | Reached XP level 9. HP: 33/45 MP: 11/11
  4736 | D:7      | Found Oceiz's Antique Armour Boutique.
  4758 | D:7      | Noticed a wizard
  4896 | Abyss:3  | Found a corrupted altar of Lugonu.
  4896 | Abyss:3  | Cast into level 3 of the Abyss (a wizard)
  4953 | Abyss:3  | Noticed a will-o-the-wisp
  4974 | Abyss:3  | Noticed a smoke demon
  4992 | Abyss:3  | Noticed a starcursed mass
  5004 | D:7      | Escaped the Abyss
  5004 | D:7      | Noticed a wizard
  5032 | D:7      | Killed a wizard
  5074 | D:7      | Noticed a wizard
  5455 | D:7      | Found a sparkling altar of Nemelex Xobeh.
  5506 | D:7      | Killed a wizard
  5507 | D:7      | Reached skill level 12 in Ranged Weapons
  5534 | D:7      | Reached *** piety under Okawaru
  5561 | D:7      | Noticed a gargoyle
  5571 | D:7      | Reached skill level 5 in Fighting
  5584 | D:7      | Killed a gargoyle
  5721 | D:7      | HP: 1/47 [wizard/fireball (30)]
  6024 | D:7      | Reached XP level 10. HP: 51/51 MP: 14/14
  6052 | D:7      | Reached skill level 5 in Dodging
  6258 | D:7      | Reached skill level 5 in Invocations
  6274 | D:7      | Reached **** piety under Okawaru
  6275 | D:7      | Reached skill level 13 in Ranged Weapons
  6304 | D:7      | Identified the +2 quarterstaff of the Shining Light {vamp,
                  | rC+ rN+ Int+4}
  6856 | D:8      | Noticed Prince Ribbit
  6861 | D:8      | Killed Prince Ribbit
  6976 | D:8      | Found a transporter.
  6976 | D:8      | Noticed Lemonspray55555's ghost (novice DgCj)
  6978 | D:8      | Found a transporter.
  6978 | D:8      | Identified the +7 great mace of Ruepn {pain, Int+2}
  7392 | D:9      | Found a staircase to the Lair.
  7447 | D:9      | Found an ornate altar of the Wu Jian Council.
  7447 | D:9      | Found a shimmering altar of Xom.
  7688 | D:9      | Noticed Pikel
  7735 | D:9      | Killed Pikel
  7735 | D:9      | Reached ***** piety under Okawaru
  7811 | D:9      | Found a runed translucent gate.
  7812 | D:9      | Found a runed translucent gate.
  7812 | D:9      | Identified the +1 plate armour "Lecoclorch" {Harm Regen+
                  | Int+4}
  7813 | D:9      | Found a runed translucent gate.
  7815 | D:9      | Noticed cowcow's ghost (novice DsCj)
  7865 | D:9      | Found a transporter.
  7866 | D:9      | Found a transporter.
  7866 | D:9      | Noticed a deep elf archer
  7866 | D:9      | Noticed a brown ugly thing
  7869 | D:9      | Found a staircase to the Orcish Mines.
  7879 | D:9      | Found a sacrificial altar of Ru.
  7899 | D:9      | Noticed Maurice
  7924 | D:9      | Killed Maurice
  8014 | D:9      | Reached XP level 11. HP: 57/57 MP: 16/16
  8018 | D:9      | Reached skill level 14 in Ranged Weapons
  8382 | D:9      | Received a gift from Okawaru
  8598 | D:9      | Identified the +0 acid dragon scales "Yraoff" {-Cast rElec
                  | rN++ rCorr}
  8649 | D:10     | Entered Level 10 of the Dungeon
  8741 | D:10     | HP: 4/87 [poisoned by a killer bee]
  8744 | D:10     | HP: 1/87 [poisoned by a killer bee]
  8744 | D:10     | Slain by a killer bee

Illustrated notes

Levels and vault maps discovered:
D:1:      saegor_arrival_simple_e, layout_rooms,
          shapermc_ecumenical_altar_starsandcircs,
          nicolae_twisty_statue_hallways
D:2:      layout_basic
D:3:      gammafunk_steamed_eel, layout_basic, nicolae_overflow_crystal_walls,
          fiery_altar_vehumet, uniq_crazy_yiuf_cottage
D:4:      layout_basic, serial_shops, shop
D:5:      layout_rooms, minmay_misc_feat_secret_circle
D:6:      layout_gridville, elyvilon_altar_5, minmay_temple_entry_antechambers,
          kennysheep_generic_room_13, uniq_eustachio, uniq_duvessa, uniq_sigmund
D:7:      layout_loops_ring, nemelex_spade_bored_becter, serial_shops,
          nicolae_shop_dealshenge, nrook_mini_backslash,
          hangedman_decor_slide_cut, minmay_the_grid_2x2
          [minmay_the_grid_tri_star, minmay_the_grid_gridbox,
          minmay_the_grid_slots, minmay_the_grid_prize_shrinking_boxes]
D:8:      layout_cave_pods, gammafunk_ghost_smash, uniq_prince_ribbit1
D:9:      layout_roguey, gammafunk_temple_overflow_arena,
          nicolae_overflow_two_pavilions, dpeg_oklobed_lair,
          biasface_ghost_orc_armoury, grunt_livestock, dk_noncrumbling_4,
          grunt_ministairs_14, uniq_maurice, uniq_pikel
D:10:     layout_cave_pools, special_room [special_room_bee]
Temple:   regret_index_temple_generic_petals

Skill      XL: |  1  2  3  4  5  6  7  8  9 10 11 |
---------------+----------------------------------+-----
Dodging        | 3 4 5 |  5.7
Ranged Weapons | 5 6 8 9 11 12 13 14 | 14.5
Fighting       | 2 3 4 5 6 |  6.8
Invocations    | 2 4 6 |  6.6
Stealth        | |  1.5

Action                     |  1- 3 |  4- 6 |  7- 9 | 10-12 || total
---------------------------+-------+-------+-------+-------++-------
  Melee: Arbalest          |       |       |       |     5 ||     5
   Fire: Shortbow          |   112 |    25 |   141 |   228 ||   506
         Sling             |    14 |    57 |       |       ||    71
         Arbalest          |       |       |       |    33 ||    33
 Invoke: Heroism           |       |       |       |     1 ||     1
    Use: Potion            |       |       |       |     1 ||     1
 Armour: Robe              |     8 |       |     3 |     7 ||    18
  Dodge: Dodged            |    49 |     6 |    30 |   124 ||   209
  Block: Other             |       |       |       |    21 ||    21

Table legend: (Time is in decaauts)
 A = Elapsed time spent in this place.
 B = Non-inter-level travel time spent in this place.
 C = Inter-level travel time spent in this place.
 D = Time resting spent in this place.
 E = Time spent auto-exploring this place.
 F = Levels seen in this place.
 G = Mean time per level.
                   A        B        C        D        E       F      G
               +--------+--------+--------+--------+--------+-----+--------+
         Total |   6112 |   5785 |    327 |    442 |   3914 |  12 |  509.3 |
       Dungeon |   5892 |   5596 |    296 |    442 |   3805 |  10 |  589.2 |
        Temple |    152 |    122 |     30 |      0 |    109 |   1 |  152.0 |
         Abyss |     68 |     68 |      0 |      0 |      0 |   1 |   68.0 |
               +--------+--------+--------+--------+--------+-----+--------+

Top non-repeatable levels by time:
     D:7: 1263 daAuts
     D:6: 941 daAuts
     D:9: 895 daAuts
     D:3: 555 daAuts
     D:4: 525 daAuts
     D:8: 478 daAuts
     D:1: 425 daAuts
     D:5: 382 daAuts
     D:2: 336 daAuts
  Temple: 152 daAuts
    D:10: 87 daAuts
 Abyss:3: 68 daAuts
